[Event "*** Titled Tuesday Blitz"]
[Site "Chess.com"]
[Date "2020.10.27"]
[Round "1"]
[White "LyonBeast"]
[Black "smshk35"]
[Result "1-0"]
[WhiteElo "3049"]
[BlackElo "2493"]
[TimeControl "180+1"]
[EndTime "10:06:01 PDT"]
[Termination "LyonBeast won by resignation"]

1. Nf3 Nf6 2. g3 g6 3. Bg2 Bg7 4. O-O O-O 5. c4 d6 6. d4 Nc6 7. Nc3 e5 8. d5 Nb8 9. e4 a5 10. Ne1 Na6 11. Nd3 Nd7 12. Be3 b6 13. f4 Ndc5 14. f5 Nxd3 15. Qxd3 Nc5 16. Qd2 f6 17. h4 a4 18. Rf2 Ba6 19. Qe2 Rf7 20. Raf1 Qf8 21.
g4 Bc8 22. Bh3 Kh8 23. g5 Bd7 24. Kh2 Qe7 25. h5 fxg5 26. hxg6 Rff8 27. Qh5 h6 28. f6 Rxf6 29. Rxf6 Bxf6 30. Qxh6+ Kg8 31. Rxf6 Bxh3 32.
Rf7 Qxf7 33. gxf7+ Kxf7 34. Kxh3 1-0

[Event "*** Titled Tuesday Blitz"]
[Site "Chess.com"]
[Date "2020.10.27"]
[Round "1"]
[White "MattyDPerrine"]
[Black "GOGIEFF"]
[Result "0-1"]
[WhiteElo "2455"]
[BlackElo "2878"]
[TimeControl "180+1"]
[EndTime "10:06:01 PDT"]
[Termination "GOGIEFF won by resignation"]

1. e4 c5 2. Nf3 d6 3. Bb5+ Nd7 4. Ba4 Nf6 5. O-O Nxe4 6. Re1 Nf6 7. d4 e6 8. d5 e5 9. Nxe5 Be7 10. Nc6 bxc6 11.
dxc6 O-O 12. cxd7 Bxd7 13. Bxd7 Qxd7 14. c4 Rfe8 15. Nc3 Qf5 16. h3 Bf8 17. Be3 Re6 18. Qb1 Qh5 19. Qd3 a6 20. Bf4 Rae8 21. Rxe6 Rxe6 22.
Rd1 g5 23. Bg3 g4 24. hxg4 Nxg4 25. Bf4 Bg7 26. Nd5 Bd4 27. Bg3 Rh6 28. Kf1 Qh1+ 29. Ke2 Qxg2 30. Qf5 Re6+ 31. Kd2 Nxf2 32. Bxf2 Qxf2+ 33.
Qxf2 Bxf2 34. Rf1 Bd4 35. Kd3 Bxb2 36. Rg1+ Kf8 37. Nf4 Rh6 38. Ke4 Be5 39. Nd3 Rh4+ 40. Kd5 Rd4+ 0-1

[Event "*** Titled Tuesday Blitz"]
[Site "Chess.com"]
[Date "2020.10.27"]
[Round "1"]
[White "JoachimMouhamad"]
[Black "manitodeplomo"]
[Result "0-1"]
[WhiteElo "2289"]
[BlackElo "2632"]
[TimeControl "180+1"]
[EndTime "10:06:01 PDT"]
[Termination "manitodeplomo won by checkmate"]

1. e4 g6 2. d4 Bg7 3. Nf3 c5 4.
dxc5 Nf6 5. Nc3 Qa5 6. Bd2 Qxc5 7.
Bd3 O-O 8. O-O d6 9. h3 a6 10. Be3 Qc7 11. Qd2 Nbd7 12. a4 b6 13. Bh6 Bb7 14. Bxg7 Kxg7 15. Rfe1 h6 16. Rad1 Rfd8 17. Bf1 Nc5 18. Bd3 e5 19. Qe3 Rac8 20. g4 Ne6 21.
Ne2 Qc6 22. Nc3 Nf4 23. Kh2 Nd7 24. Ra1 Nc5 25. Nd2 Nce6 26. f3 h5 27. Kg3 Rh8 28. Bc4 hxg4 29. hxg4 Rh3+ 30. Kf2 Rh2+ 31. Kf1 Rch8 32.
Ne2 Nxe2 33. Bxe6 Nf4 34. Bc4 Rh1+ 35. Kf2 R8h2+ 36. Kg3 Rg2# 0-1

[Event "*** Titled Tuesday Blitz"]
[Site "Chess.com"]
[Date "2020.10.27"]
[Round "1"]
[White "amintabatabaei"]
[Black "Lenyas66"]
[Result "1-0"]
[WhiteElo "2904"]
[BlackElo "2467"]
[TimeControl "180+1"]
[EndTime "10:06:02 PDT"]
[Termination "amintabatabaei won by resignation"]

1. b3 e5 2. Bb2 e4 3. d3 Nf6 4. e3 d5 5. Nd2 Be7 6. c4 c6 7. Rc1 exd3 8. Bxd3 Nbd7 9. Ngf3 Nc5 10. Bb1 dxc4 11. Nxc4 Qxd1+ 12. Rxd1 O-O 13. O-O Be6 14. Na5 Bd8 15. Nc4 Bxc4 16. bxc4 Nfe4 17. Nd4 Ba5 18. Nf5 Bc3 19. Ba3 Rfd8 20. f3 Nd2 21. Bxc5 Nxf1 22. Rxf1 g6 23. Ng3 b6 24. Ne4 Bg7 25.
Be7 Re8 26. Nf6+ Bxf6 27. Bxf6 Rxe3 28. Be4 Rc8 29. Rd1 Re2 30. Rd7 Rxa2 31. Bxc6 Re8 32. Be4 Ra4 33. Bd5 Rf8 34. h4 h6 35. Kh2 Ra5 36. g4 1-0

[Event "*** Titled Tuesday Blitz"]
[Site "Chess.com"]
[Date "2020.10.27"]
[Round "1"]
[White "OK97"]
[Black "Tenamu"]
[Result "1-0"]
[WhiteElo "2780"]
[BlackElo "2406"]
[TimeControl "180+1"]
[EndTime "10:06:02 PDT"]
[Termination "OK97 won by resignation"]

1. e4 e6 2. d4 d5 3. Nc3 Nf6 4. Bg5 Bb4 5. e5 h6 6. Bd2 Bxc3 7. bxc3 Ne4 8. Bc1 c5 9. Ne2 cxd4 10. cxd4 Nc6 11. c3 Qa5 12. Qc2 f6 13. f3 Ng5 14.
Qg6+ Kf8 15. exf6 gxf6 16. Qxf6+ Nf7 17. Bd2 Qc7 18. Nf4 Rg8 19. Bd3 e5 20. Ng6+ Ke8 21.
O-O Qd6 22. Qxd6 Nxd6 23. dxe5 Nc4 24. Bxh6 Be6 25. Nf4 Kd7 26. Nxe6 Kxe6 27. Bxc4 dxc4 28. f4 Raf8 29. Rad1 Rf5 30. Rd6+ Ke7 31. Rfd1 Kf7 32. h4 Rg3 33. e6+ Ke8 34. Bg5 Kf8 35. Rxc6 bxc6 36. Rd8+ Kg7 37. e7 1-0

[Event "*** Titled Tuesday Blitz"]
[Site "Chess.com"]
[Date "2020.10.27"]
[Round "1"]
[White "niki_2003"]
[Black "redbaron8888"]
[Result "0-1"]
[WhiteElo "1863"]
[BlackElo "2500"]
[TimeControl "180+1"]
[EndTime "10:06:02 PDT"]
[Termination "redbaron8888 won on time"]

1. d4 e6 2. c4 Nf6 3. g3 d5 4.
Nf3 Bb4+ 5. Bd2 a5 6. Bg2 O-O 7. b3 Nbd7 8. O-O c6 9. a3 Be7 10. c5 b6 11. cxb6 Qxb6 12. Nc3 Rb8 13. Na4 Qxb3 14.
Bxa5 Ba6 15. Qxb3 Rxb3 16. Rfc1 Bxe2 17. Nd2 Rxa3 18. Rxa3 Bxa3 19. Rxc6 Bb5 20. Rc3 Bd6 21. Nb6 Nxb6 22. Bxb6 Rb8 23. Bc5 Bc7 24. Rb3 Be2 25. Re3 Ba6 26. Bf1 Bxf1 27. Kxf1 h5 28. Kg2 Rb2 29. Rd3 Ba5 30. Nf3 Ng4 31. Ra3 Rxf2+ 32.
Kh3 Bd8 33. Ra8 Rxf3 34. Rxd8+ Kh7 0-1

[Event "*** Titled Tuesday Blitz"]
[Site "Chess.com"]
[Date "2020.10.27"]
[Round "1"]
[White "PowerThinking2650"]
[Black "Shahinyan_ChessMood"]
[Result "0-1"]
[WhiteElo "2390"]
[BlackElo "2748"]
[TimeControl "180+1"]
[EndTime "10:06:05 PDT"]
[Termination "Shahinyan_ChessMood won on time"]

1. e4 d6 2. d4 Nf6 3. Nc3 e5 4. Nf3 Nbd7 5. Bc4 Be7 6. O-O O-O 7. Re1 c6 8. a4 exd4 9. Nxd4 Ne5 10. Ba2 Re8 11.
h3 Bd7 12. f4 Ng6 13. e5 dxe5 14. fxe5 Bc5 15. Bg5 Nxe5 16. Kh1 Nfg4 17. Bxd8 Nf2+ 18. Kh2 Nxd1 19. Raxd1 Raxd8 20. Ne4 Bf8 21. Rf1 c5 22. Nf5 Bxf5 23. Rxd8 Rxd8 24. Rxf5 Re8 25. Ng5 c4 26.
h4 h6 27. Nf3 Bd6 28. Nxe5 Bxe5+ 29. Rxe5 Rxe5 30. Bxc4 Re4 31. b3 Rxh4+ 32. Kg3 Rd4 0-1

[Event "*** Titled Tuesday Blitz"]
[Site "Chess.com"]
[Date "2020.10.27"]
[Round "1"]
[White "Paladin61"]
[Black "anon569"]
[Result "1-0"]
[WhiteElo "2601"]
[BlackElo "2262"]
[TimeControl "180+1"]
[EndTime "10:06:06 PDT"]
[Termination "Paladin61 won by resignation"]

1. b3 Nf6 2. Bb2 g6 3. Bxf6 exf6 4. c4 Bg7 5. Nc3 f5 6. Rc1 d6 7. g3 O-O 8. Bg2 Nd7 9. e3 Nf6 10. Nge2 c6 11. d4 Re8 12. Qd3 Qe7 13. O-O Ne4 14. b4 Bd7 15. b5 h5 16. Rb1 Rab8 17. Rb3 cxb5 18. Nxb5 a6 19. Nc7 Red8 20. Nd5 Qe8 21. Rfb1 b5 22. Nc7 Qe7 23. cxb5 axb5 24. Nxb5 Be6 25.
R3b2 Rbc8 26. Na3 Ra8 27. Nf4 Qa7 28. Nb5 Bd7 29. Nxa7 1-0

[Event "*** Titled Tuesday Blitz"]
[Site "Chess.com"]
[Date "2020.10.27"]
[Round "1"]
[White "ajian"]
[Black "GoltsevDmitry2000"]
[Result "0-1"]
[WhiteElo "2348"]
[BlackElo "2693"]
[TimeControl "180+1"]
[EndTime "10:06:09 PDT"]
[Termination "GoltsevDmitry2000 won on time"]

1. d4 Nf6 2. c4 e6 3. Nc3 Bb4 4. Qc2 Qe7 5. Nf3 b6 6. Bg5 h6 7.
Bh4 Bb7 8. e3 O-O 9. Bd3 d6 10.
O-O Bxc3 11. Qxc3 a5 12. Qc2 Nbd7 13. e4 e5 14. Rfe1 Rfe8 15. Rad1 Nf8 16. d5 Ng6 17.
Bg3 Nh5 18. Bf1 Bc8 19. Nd2 Nhf4 20. b3 Bd7 21. a3 Rf8 22. b4 axb4 23. axb4 Ra4 24.
Qc3 f5 25. f3 Rfa8 26. Ra1 h5 27. exf5 Bxf5 28. Ne4 h4 29. Bf2 Bxe4 30. fxe4 Qg5 31. Kh1 Ra2 32. Be3 Qg4 33. Rxa2 Rxa2 0-1

[Event "*** Titled Tuesday Blitz"]
[Site "Chess.com"]
[Date "2020.10.27"]
[Round "1"]
[White "SARGISMV"]
[Black "RU_B9"]
[Result "1-0"]
[WhiteElo "2498"]
[BlackElo "1724"]
[TimeControl "180+1"]
[EndTime "10:06:09 PDT"]
[Termination "SARGISMV won by resignation"]

1. d4 Nf6 2. Nf3 d5 3. c4 e6 4. Nc3 Bb4 5. Bg5 h6 6. Bxf6 Qxf6 7. cxd5 exd5 8. Rc1 c6 9. e3 O-O 10. Be2 Bf5 11. O-O Re8 12. Qb3 Qe7 13. a3 Bd6 14.
Rfe1 b6 15. Bf1 Nd7 16. Ne2 Nf6 17. Ng3 Bd7 18. Bd3 Ne4 19. Bxe4 dxe4 20. Nd2 Be6 21. Qd1 Bd5 22. Nf5 Qf6 23. Nxd6 Qxd6 24. Nc4 Qe6 25. Ne5 Rac8 26. Qh5 Re7 27. b4 Kh7 28. h3 g6 29. Qh4 Rce8 30. Ng4 h5 31.
Nf6+ Kg7 32. Nxe8+ Rxe8 33. Rc3 b5 34. Rec1 Ra8 35.
Qg3 Qe7 36. Rc5 f6 37. Rxd5 1-0

[Event "*** Titled Tuesday Blitz"]
[Site "Chess.com"]
[Date "2020.10.27"]
[Round "1"]
[White "Aleksey_Sorokin"]
[Black "Fischerev7"]
[Result "1-0"]
[WhiteElo "2834"]
[BlackElo "2436"]
[TimeControl "180+1"]
[EndTime "10:06:13 PDT"]
[Termination "Aleksey_Sorokin won on time"]

1. d4 Nf6 2. c4 e6 3. Nf3 Bb4+ 4.
Nbd2 O-O 5. a3 Be7 6. e4 d5 7.
e5 Nfd7 8. Bd3 c5 9. h4 h6 10. Bb1 cxd4 11. Qc2 f5 12. cxd5 exd5 13. Nb3 Nc6 14.
Bf4 Qb6 15. O-O Nc5 16. Nbxd4 Nxd4 17. Nxd4 Bxh4 18. Ba2 Ne6 19. Nxe6 Bxe6 20. Rad1 Rac8 21. Qe2 Rfd8 22. Qh5 Be7 23. b4 a5 24. Qg6 axb4 25.
axb4 Bf8 26. Rxd5 Qc6 27. Rxd8 Bxa2 28. Qxc6 Rxc6 29. Rfd1 Be6 30. Rb8 Rb6 31. Rdd8 1-0

[Event "*** Titled Tuesday Blitz"]
[Site "Chess.com"]
[Date "2020.10.27"]
[Round "1"]
[White "ViktoriyaTarasova"]
[Black "keepitcoming"]
[Result "1-0"]
[WhiteElo "2267"]
[BlackElo "2582"]
[TimeControl "180+1"]
[EndTime "10:06:14 PDT"]
[Termination "ViktoriyaTarasova won by resignation"]

1. d4 d5 2. c4 e6 3. Nc3 c5 4. cxd5 cxd4 5. Qxd4 Nc6 6. Qa4 exd5 7. Bf4 Nf6 8. e3 Bc5 9. Nf3 O-O 10. Be2 Re8 11.
O-O d4 12. exd4 Nxd4 13. Nxd4 Bxd4 14. Rad1 Qb6 15. Qxd4 Qxb2 16. Rb1 Qa3 17. Bb5 Bf5 18. Bxe8 Bxb1 19. Bxf7+ Kxf7 20. Rxb1 b6 21. Qc4+ Kg6 22.
h3 Re8 23. Nd5 Nxd5 24. Qxd5 Qxa2 25. Qxa2 1-0

[Event "*** Titled Tuesday Blitz"]
[Site "Chess.com"]
[Date "2020.10.27"]
[Round "1"]
[White "AsaHoffmann"]
[Black "Blitzstream"]
[Result "0-1"]
[WhiteElo "2366"]
[BlackElo "2722"]
[TimeControl "180+1"]
[EndTime "10:06:15 PDT"]
[Termination "Blitzstream won by resignation"]

1. d4 d5 2. Bg5 c5 3. e3 Nc6 4. c3 Qb6 5. Qb3 c4 6. Qxb6 axb6 7. Nd2 b5 8. e4 dxe4 9. Nxe4 Bf5 10.
Ng3 Bg6 11. Nf3 e6 12. Be2 Bd6 13. O-O Nge7 14. a3 O-O 15. Nh4 Nd5 16. Nxg6 hxg6 17. Bd2 Na5 18. Ne4 Be7 19. f4 Nb3 20. Rad1 Nxd2 21.
Rxd2 Rad8 22. g3 f5 23. Nf2 g5 24. Bf3 gxf4 25. Bxd5 exd5 26. gxf4 Bd6 27. Nh3 Rfe8 28. Kf2 Re4 29. Re2 Kf7 30. Rfe1 Rh8 31. Kg3 Kf6 32.
Rxe4 fxe4 33. Rf1 Kf5 34. Kg2 Rh4 35. Rf2 Bxf4 36. Nxf4 Rxf4 37. Re2 Rf3 38. Rd2 g5 39. Re2 g4 40. Rd2 Kf4 41. Re2 Kg5 42. Rd2 Kf5 43. Re2 Kf4 44. Rd2 Ke3 45. Rd1 Rf2+ 46. Kg3 Rxb2 47.
Re1+ Re2 48. Rh1 Kd2 49. Kxg4 Rg2+ 50. Kf4 e3 51. h4 e2 52. h5 e1=Q 53. Rxe1 Kxe1 0-1

[Event "*** Titled Tuesday Blitz"]
[Site "Chess.com"]
[Date "2020.10.27"]
[Round "1"]
[White "Msb2"]
[Black "ShahMatKanal"]
[Result "1-0"]
[WhiteElo "2915"]
[BlackElo "2470"]
[TimeControl "180+1"]
[EndTime "10:06:16 PDT"]
[Termination "Msb2 won on time"]

1. d4 d5 2. Nf3 Nf6 3. Bf4 c5 4. e3 cxd4 5. exd4 Nc6 6. Nbd2 Bg4 7. c3 e6 8. Qb3 Qc8 9. Bd3 Be7 10. O-O O-O 11. Rae1 Bh5 12. Ne5 Nxe5 13. Bxe5 Bg6 14.
Bxg6 hxg6 15. g3 Qc6 16. h4 b5 17. Kg2 a5 18. Bxf6 gxf6 19. h5 g5 20. f4 f5 21. Nf3 gxf4 22. Ne5 Qb7 23. Rxf4 Bg5 24. Rf3 Kh7 25. g4 Rg8 26. Kh3 fxg4+ 27. Nxg4 f5 28.
Ne5 Qg7 29. Rg3 Qh6 30. Qd1 Bf4 31. Rg6 Rxg6 32. Nxg6 Rg8 33. Rxe6 Qg5 34. Qf3 Bb8 35. Ne5 Rg7 36. Rg6 Bxe5 37. Rxg5 1-0

[Event "*** Titled Tuesday Blitz"]
[Site "Chess.com"]
[Date "2020.10.27"]
[Round "1"]
[White "Panterov"]
[Black "TomiLen"]
[Result "0-1"]
[WhiteElo "2304"]
[BlackElo "2652"]
[TimeControl "180+1"]
[EndTime "10:06:17 PDT"]
[Termination "TomiLen won by resignation"]

1. e4 e6 2. b3 d5 3. Bb2 a6 4.
exd5 exd5 5. Nf3 Nf6 6. Be2 Bd6 7. O-O O-O 8. h3 Re8 9. d4 Ne4 10. Nbd2 Bf5 11. c4 c6 12. Ne5 Nd7 13. f4 Nxd2 14. Qxd2 Nf6 15. Bf3 Be4 16. Rae1 Bxf3 17. Rxf3 Ne4 18.
Qc2 f6 19. Nd3 Rc8 20. Rfe3 Qd7 21. Qe2 Re7 22. Qf3 Rce8 23. R1e2 b5 24. c5 Bc7 25.
Nf2 f5 26. Nd3 Re6 27. Ne5 Bxe5 28. fxe5 Rf8 29. Re1 f4 30. Rxe4 dxe4 31. Rxe4 Qd5 32. Bc1 g5 33. Bb2 Rg6 34. Re2 Qxf3 35. gxf3 Kf7 36.
Kf2 Ke6 37. Re1 h5 38. Rg1 a5 39. Ke2 a4 40. b4 a3 41. Bc3 Kd5 42. Kd3 g4 43.
hxg4 hxg4 44. fxg4 f3 45. Ke3 f2 46. Rf1 Rxg4 47.
Ke2 Kc4 48. Bd2 Kxd4 49. e6 Re4+ 50. Kd1 Rxe6 0-1

[Event "*** Titled Tuesday Blitz"]
[Site "Chess.com"]
[Date "2020.10.27"]
[Round "1"]
[White "A-Fier"]
[Black "geordie_derraugh"]
[Result "1-0"]
[WhiteElo "2777"]
[BlackElo "2406"]
[TimeControl "180+1"]
[EndTime "10:06:18 PDT"]
[Termination "A-Fier won on time"]

1. d4 Nf6 2. c4 e6 3. Nc3 Bb4 4. e3 O-O 5. Ne2 Re8 6. a3 Bf8 7. Ng3 d5 8. Be2 b6 9. O-O Bb7 10. cxd5 exd5 11. b4 c6 12. Rb1 Nbd7 13. Bf3 a5 14. b5 c5 15. dxc5 Nxc5 16. Nf5 a4 17.
Nd4 Nfe4 18. Bb2 Qg5 19. Nxe4 dxe4 20. Be2 Red8 21. g3 Bd6 22. Qc2 h5 23. h4 Qg6 24. Kh2 Rac8 25. Nc6 Bxc6 26. bxc6 Rxc6 27. Rbd1 Rdc8 28. Qd2 Qf5 29. Qd4 f6 30. Bb5 Be5 31. Qd5+ Qe6 32. Bxe5 fxe5 33. Bxc6 Rxc6 34. Qd8+ Kh7 35.
Qg5 g6 36. Rd8 Qf7 37. Qxe5 Rf6 38. Kg1 Qe6 39. Qc7+ 1-0

[Event "*** Titled Tuesday Blitz"]
[Site "Chess.com"]
[Date "2020.10.27"]
[Round "1"]
[White "FM_VS99"]
[Black "Sibelephant"]
[Result "0-1"]
[WhiteElo "2493"]
[BlackElo "3095"]
[TimeControl "180+1"]
[EndTime "10:06:19 PDT"]
[Termination "Sibelephant won on time"]

1. c4 e5 2. g3 Nc6 3. Bg2 g6 4. Nc3 Bg7 5. d3 d6 6. e4 h5 7. h3 Be6 8. Nge2 Qd7 9. Be3 Nd4 10. f4 Ne7 11. Nd5 c6 12. Nxe7 Qxe7 13. O-O Qd7 14.
Bxd4 exd4 15. f5 gxf5 16. exf5 Bxf5 17. Nf4 Be5 18. Kh2 O-O-O 19. Nxh5 Rdg8 20. Qf3 Rg5 21. Nf4 Rhg8 22. g4 Bxg4 23. hxg4 Rxg4 24. Bh3 Rh8 0-1

[Event "*** Titled Tuesday Blitz"]
[Site "Chess.com"]
[Date "2020.10.27"]
[Round "1"]
[White "bascheyaro"]
[Black "mapleaff"]
[Result "1-0"]
[WhiteElo "2738"]
[BlackElo "2380"]
[TimeControl "180+1"]
[EndTime "10:06:20 PDT"]
[Termination "bascheyaro won by resignation"]

1. d4 Nf6 2. Bf4 e6 3. e3 c5 4. Nf3 Qb6 5. Nc3 cxd4 6. exd4 Bb4 7. Bd3 Nc6 8. a3 Bxc3+ 9. bxc3 h6 10. O-O O-O 11. a4 Nd5 12. Bd2 d6 13. a5 Qd8 14.
Qe2 f5 15. Rfe1 Bd7 16. h3 Rc8 17. c4 Ndb4 18. Bf4 Nxd3 19. cxd3 Qe7 20. d5 Nd8 21. dxe6 Nxe6 22. Nd4 Rce8 23. Nxe6 Bxe6 24. Qb2 Qd7 25. Qd4 d5 26. c5 Bf7 27. Reb1 Re6 28.
Be5 Be8 29. f4 g5 30. Qf2 gxf4 31. Qxf4 Qe7 32. d4 Qg5 33. Qxg5+ hxg5 34. Rxb7 f4 35. Rxa7 Bf7 36. a6 Rg6 37. Rb7 Be6 38. a7 g4 39. Rb8 1-0

[Event "*** Titled Tuesday Blitz"]
[Site "Chess.com"]
[Date "2020.10.27"]
[Round "1"]
[White "infinitegiantkiller"]
[Black "topotun"]
[Result "0-1"]
[WhiteElo "2404"]
[BlackElo "2770"]
[TimeControl "180+1"]
[EndTime "10:06:21 PDT"]
[Termination "topotun won by checkmate"]

1. d4 Nf6 2. c4 c5 3. d5 e6 4. Nc3 exd5 5. cxd5 d6 6. e4 g6 7. Nf3 Bg7 8. h3 a6 9. a4 Nbd7 10. Bd3 Nh5 11. O-O Ne5 12. Nxe5 Bxe5 13. f4 Bd4+ 14. Kh2 Qh4 15. Qf3 O-O 16. Ne2 Bg7 17. Ng3 Nf6 18. Kg1 Re8 19. Bd2 Bg4 20. Qf2 Nxd5 21. Kh2 Bd4 22. Qe1 Nf6 23. Bc3 Bxc3 24. Qxc3 Bd7 25. Bc2 Bc6 26. Rae1 d5 27. e5 d4 28.
Qxc5 Ng4+ 29. Kg1 Qxg3 30. Re2 Qh2# 0-1

[Event "*** Titled Tuesday Blitz"]
[Site "Chess.com"]
[Date "2020.10.27"]
[Round "1"]
[White "Danny_Billiards"]
[Black "lelya96"]
[Result "1-0"]
[WhiteElo "2550"]
[BlackElo "2166"]
[TimeControl "180+1"]
[EndTime "10:06:21 PDT"]
[Termination "Danny_Billiards won by checkmate"]

1. d4 d5 2. c4 c6 3. Nc3 Nf6 4. e3 dxc4 5. Bxc4 e6 6. Nf3 Be7 7. O-O O-O 8. a4 b6 9. Qe2 Bb7 10. e4 Nbd7 11. Bf4 c5 12. Rad1 Qe8 13. Nb5 Nh5 14. Bd6 Bxd6 15. Nxd6 Qb8 16. Nxb7 Qxb7 17.
Qe3 cxd4 18. Nxd4 Ne5 19. Be2 Nf6 20. f3 a6 21. Nb3 Rfd8 22. Rd4 Nc6 23. Rxd8+ Rxd8 24. Rc1 e5 25. Bc4 Nd4 26. Rd1 Rc8 27. Nxd4 Rxc4 28.
Nf5 h6 29. Nd6 Qd7 30. Qe2 Rxa4 31. Nf5 Qb5 32. Qf2 Rb4 33. Qg3 Qc5+ 34. Kh1 Qf8 35. Rd8 Nh5 36. Rxf8+ Kxf8 37. Qh4 g6 38. Qd8# 1-0

[Event "*** Titled Tuesday Blitz"]
[Site "Chess.com"]
[Date "2020.10.27"]
[Round "1"]
[White "Benjoneliere44"]
[Black "Sueetin"]
[Result "1-0"]
[WhiteElo "2670"]
[BlackElo "2336"]
[TimeControl "180+1"]
[EndTime "10:06:22 PDT"]
[Termination "Benjoneliere44 won by resignation"]

1. e4 e6 2. Nc3 d5 3. d4 Nf6 4. Bg5 dxe4 5. Nxe4 Be7 6. Bxf6 Bxf6 7. Nf3 Nd7 8. Bd3 c5 9. Nxf6+ Nxf6 10. dxc5 Qa5+ 11. Qd2 Qxc5 12. O-O O-O 13. Rad1 Bd7 14. Rfe1 Bb5 15. c4 Bc6 16. b4 Qe7 17. Ne5 Rad8 18. Nxc6 bxc6 19.
a3 Rd7 20. Qe3 Rfd8 21. h3 g6 22. Bc2 Kg7 23. Rxd7 Rxd7 24. Qe5 Rd2 25. Be4 Qd7 26. Re3 Rd1+ 27. Kh2 Rd4 28. Bxc6 Qd8 29. Rf3 h5 30. c5 Rd1 31. Bb7 Rd4 32. c6 Rh4 33. c7 1-0

[Event "*** Titled Tuesday Blitz"]
[Site "Chess.com"]
[Date "2020.10.27"]
[Round "1"]
[White "fireheart92"]
[Black "Angel_Hranitel_37"]
[Result "1-0"]
[WhiteElo "2881"]
[BlackElo "2457"]
[TimeControl "180+1"]
[EndTime "10:06:23 PDT"]
[Termination "fireheart92 won by checkmate"]

1. d4 Nf6 2. c4 e6 3. Nf3 Bb4+ 4. Nbd2 b6 5. a3 Bxd2+ 6. Qxd2 Bb7 7. g3 O-O 8. Bg2 Ne4 9. Qc2 f5 10. b3 d6 11. O-O Nd7 12. Bb2 Rb8 13. Rad1 Ndf6 14. Rde1 Ng4 15. Nd2 Nxd2 16. Qxd2 Bxg2 17. Kxg2 d5 18.
f3 Nf6 19. Qe3 Qd7 20. Rc1 Rbc8 21. Rfd1 c6 22. a4 Rfe8 23. Ba3 Kf7 24. Rc2 b5 25.
Rdc1 bxc4 26. bxc4 h6 27. Qe5 g5 28. Rb2 Qc7 29.
Bd6 Qa5 30. Rb7+ Kg6 31. Be7 Ng8 32. Bd8 Qxd8 33. Qg7+ Kh5 34. Qf7# 1-0

[Event "*** Titled Tuesday Blitz"]
[Site "Chess.com"]
[Date "2020.10.27"]
[Round "1"]
[White "zverr1"]
[Black "GM_Levan_Pantsulaia"]
[Result "0-1"]
[WhiteElo "2452"]
[BlackElo "2861"]
[TimeControl "180+1"]
[EndTime "10:06:23 PDT"]
[Termination "GM_Levan_Pantsulaia won by resignation"]

1. d4 Nf6 2. c4 c5 3. d5 e6 4. Nc3 exd5 5. cxd5 d6 6. e4 g6 7. f4 Bg7 8. Bb5+ Nfd7 9. Bd3 Qh4+ 10. g3 Qd8 11. Nf3 O-O 12. O-O Na6 13. a3 Nc7 14. Rb1 Re8 15. Bd2 b5 16. b4 a6 17.
Bc2 Nb6 18. f5 Nc4 19. fxg6 hxg6 20. Bg5 Qd7 21. Qd3 Nxa3 22. bxc5 dxc5 23. e5 Nxc2 24. e6 Nxe6 25. Qxc2 Nd4 26. Nxd4 Bxd4+ 27. Kh1 Bb7 28.
Rbd1 Bxd5+ 29. Nxd5 Qxd5+ 30. Qg2 Qxg5 0-1

[Event "*** Titled Tuesday Blitz"]
[Site "Chess.com"]
[Date "2020.10.27"]
[Round "1"]
[White "RobertoJBM"]
[Black "maxip32"]
[Result "1-0"]
[WhiteElo "2803"]
[BlackElo "2414"]
[TimeControl "180+1"]
[EndTime "10:06:23 PDT"]
[Termination "RobertoJBM won on time"]

1. d4 Nf6 2. c4 g6 3. Nc3 Bg7 4. e4 d6 5. f3 O-O 6. Be3 Nc6 7. Qd2 a6 8. Bd3 e5 9. d5 Nd4 10. Nge2 Nxe2 11. Bxe2 Nh5 12. g3 f5 13. O-O-O f4 14. Bf2 Bd7 15. g4 Nf6 16. Kb1 Ne8 17. Rc1 c5 18. dxc6 bxc6 19. c5 Be6 20. cxd6 Qxd6 21. Qxd6 Nxd6 22. Rhd1 Rfd8 23. Na4 Nb5 24. Nc5 Rxd1 25.
Rxd1 Bf7 26. Rd7 Nd4 27. Bxd4 exd4 28. b3 Bf8 29. Nd3 c5 30. Ne5 Be6 31. Bc4 Bxc4 32. Nxc4 1-0

[Event "*** Titled Tuesday Blitz"]
[Site "Chess.com"]
[Date "2020.10.27"]
[Round "1"]
[White "northridgehawk"]
[Black "davidkalashian"]
[Result "0-1"]
[WhiteElo "2248"]
[BlackElo "2591"]
[TimeControl "180+1"]
[EndTime "10:06:23 PDT"]
[Termination "davidkalashian won by resignation"]

1. e4 c6 2. d4 g6 3. Be3 Bg7 4. Qd2 d6 5. Nc3 Nd7 6. O-O-O b5 7. Kb1 Nb6 8. f4 Nf6 9. Bd3 Ng4 10. h3 Nxe3 11.
Qxe3 Rb8 12. Nf3 Nc4 13. Qe2 Qa5 14. Bxc4 bxc4 15. Qxc4 O-O 16. e5 Ba6 17. Qa4 Qxc3 18. b3 Be2 19. Rde1 Bxf3 20. gxf3 Rb4 21. Qxa7 Qxd4 22.
Qxd4 Rxd4 23. Re4 Rxe4 24. fxe4 dxe5 25. f5 gxf5 26. exf5 e6 27. Rg1 exf5 28. Rg5 f4 29. h4 h6 30. Rf5 Kh7 31. h5 f6 32. a4 Rd8 33. a5 Kg8 34. b4 Kf7 0-1

[Event "*** Titled Tuesday Blitz"]
[Site "Chess.com"]
[Date "2020.10.27"]
[Round "1"]
[White "Lady_Nika"]
[Black "Abdimalik_Abdisalimov"]
[Result "0-1"]
[WhiteElo "2383"]
[BlackElo "2747"]
[TimeControl "180+1"]
[EndTime "10:06:28 PDT"]
[Termination "Abdimalik_Abdisalimov won by resignation"]

1. d4 c5 2. e3 Nf6 3. f4 g6 4.
Nf3 Bg7 5. c3 O-O 6. Bd3 b6 7. O-O Ba6 8. Bxa6 Nxa6 9. Qe2 Nc7 10.
Nbd2 d5 11. Ne5 Nce8 12. Rf3 Nd6 13. Rh3 Nfe4 14. Nxe4 Nxe4 15. Bd2 f6 16. Ng4 Qd7 17. Nf2 Rad8 18. Nxe4 dxe4 19. Qf2 e5 20. Qh4 exf4 21. Qxh7+ Kf7 22. Qh4 cxd4 23. Qxf4 dxe3 24. Bxe3 f5 25. Rf1 Rde8 26. Rh7 Rh8 27. Rxg7+ Kxg7 28. Bd4+ Kg8 29.
Bxh8 Kxh8 30. Qh6+ Qh7 31. Qg5 Qf7 32. Rf4 Kg7 33. g4 e3 34. Rf1 e2 35. Re1 f4 36.
Qh4 f3 37. g5 Qf5 38. Qd4+ Kh7 39. Qh4+ Kg8 40. Qc4+ Kf8 41. Qb4+ Re7 42. Qh4 Re4 43.
Qh8+ Ke7 44. Qg7+ Kd6 45. Kh1 f2 0-1

[Event "*** Titled Tuesday Blitz"]
[Site "Chess.com"]
[Date "2020.10.27"]
[Round "1"]
[White "Fighter008"]
[Black "DinaBelenkaya"]
[Result "1-0"]
[WhiteElo "2674"]
[BlackElo "2336"]
[TimeControl "180+1"]
[EndTime "10:06:29 PDT"]
[Termination "Fighter008 won by resignation"]

1. e4 d5 2. exd5 Qxd5 3. Nc3 Qa5 4. d4 c6 5. Bd3 Nf6 6. Ne2 Bg4 7. f3 Bh5 8. Bd2 Qb6 9. a4 e6 10. a5 Qc7 11. Bf4 Bd6 12. Qd2 Bg6 13. Ne4 Bxf4 14. Nxf4 Nbd7 15. O-O Nd5 16. Ne2 a6 17. c4 N5f6 18.
N2g3 h5 19. Qb4 h4 20. Nd6+ Kd8 21. Nxb7+ Kc8 22. Nd6+ Kd8 23. Bxg6 c5 24. Nxf7+ Ke7 25. dxc5 Nxc5 26. Ne4 Nxe4 27. fxe4 Rhb8 28. Qd2 Rb3 29. Qg5+ Kd7 30. Rad1+ Kc8 31. Nd6+ Kb8 32. Rf8+ Ka7 33.
Rf7 Nd7 34. Nb5+ Rxb5 35. cxb5 Rd8 36. b6+ 1-0

[Event "*** Titled Tuesday Blitz"]
[Site "Chess.com"]
[Date "2020.10.27"]
[Round "1"]
[White "Margarita2907"]
[Black "doons21"]
[Result "0-1"]
[WhiteElo "2179"]
[BlackElo "2554"]
[TimeControl "180+1"]
[EndTime "10:06:29 PDT"]
[Termination "doons21 won by resignation"]

1. e4 e6 2. d4 d5 3. Nd2 Nc6 4. Ngf3 Nf6 5. Bd3 Nb4 6. Qe2 Nxd3+ 7. Qxd3 dxe4 8. Nxe4 Be7 9. O-O O-O 10. c3 c5 11.
Rd1 cxd4 12. Nxd4 Qb6 13. Nxf6+ Bxf6 14. Qe2 Qa6 15. Qxa6 bxa6 16. Be3 Bb7 17. Nb3 Bd5 18. Nc5 a5 19. Nd7 Rfc8 20. Nxf6+ gxf6 21. Rd4 Rab8 22. Rg4+ Kf8 23. Bxa7 Rxb2 24. Rc1 Rxa2 25. h4 Rc4 26. Rxc4 Bxc4 27. Rb1 Kg7 28. Rb7 Rc2 29. Bb6 a4 30.
Ra7 Bb3 31. Bc5 Rxc3 32. Bb4 Rc4 33. Ba3 Rxh4 34. g3 Rc4 35. Kg2 Rc2 36. Kf3 Bd5+ 37. Kf4 Rc4+ 38. Ke3 Rc3+ 39. Kd4 Rxa3 40. Kc5 Ra1 41. Kb4 0-1